 Dungeon Crawl Stone Soup version 0.22.1-5-g62c59d9 (webtiles) character file.

835 Malhgor the Cleaver (level 7, -15/61 HPs)
             Began as a Deep Dwarf Fighter on Jan 13, 2019.
             Demolished by an ogre
             ... wielding a +0 giant club
              (28 damage)
             ... on level 4 of the Dungeon.
             The game lasted 00:18:45 (3036 turns).

Malhgor the Cleaver (Deep Dwarf Fighter)            Turns: 3036, Time: 00:18:46

Health: -15/61     AC:  9    Str: 19    XL:     7   Next: 66%
Magic:  6/6        EV:  9    Int: 12    God:
Gold:   121        SH:  0    Dex: 14    Spells: 6/6 levels left

rFire    x . .     SeeInvis .   a - +1 war axe (chop)
rCold    + . .     Gourm    .   (no shield)
rNeg     . . .     Faith    .   b - +0 scale mail
rPois    .         Spirit   .   u - +0 helmet
rElec    .         Reflect  .   r - +0 cloak
rCorr    .         Harm     .   (no gloves)
MR       +....                  (no boots)
Stlth    ..........             (no amulet)
HPRegen  0.00/turn              o - +3 ring of intelligence
MPRegen  0.10/turn              p - ring of ice

@: non-regenerating
A: damage resistance, heal wounds, sense surroundings 1, no regeneration
a: Heal Wounds


You were on level 4 of the Dungeon.
You were not hungry.

You visited 1 branch of the dungeon, and saw 4 of its levels.
You also visited: Ossuary.

You collected 121 gold pieces.

Inventory:

Hand Weapons
 a - a +1 war axe of chopping (weapon)
Missiles
 e - 99 stones (quivered)
Armour
 b - a +0 scale mail (worn)
 c - a +0 shield
 i - a cursed +0 chain mail
 r - a +0 cloak (worn)
 u - a +0 helmet (worn)
Jewellery
 o - a +3 ring of intelligence (left hand)
 p - a ring of ice (right hand)
 t - a +6 ring of intelligence
Potions
 d - a potion of might
 g - 2 potions of invisibility
 h - a potion of lignification
 j - a potion of haste {unknown}
 k - 2 potions of curing
 l - a potion of flight {unknown}
 m - 2 potions of cancellation {unknown}
 n - a potion of brilliance {unknown}
 s - a potion of mutation {unknown}
 v - a potion of heal wounds {unknown}
Comestibles
 f - 8 rations
 q - 8 chunks of flesh


   Skills:
 - Level 2.9 Fighting
 * Level 9.6 Axes
 - Level 3.2 Armour
 - Level 3.2 Shields


You had 6 spell levels left.
You didn't know any spells.
Your spell library was empty.

Dungeon Overview and Level Annotations

Branches:
Dungeon (4/15)
 Temple: D:4-7

Altars:
Gozag

Annotations:
D:1 Done
D:2 Done
D:3 Done
D:4 1 transporter


Innate Abilities, Weirdness & Mutations

You are resistant to damage.
You can heal yourself by infusing magical energy.
You passively map a small area around you.
You do not regenerate.


Message History

You throw a stone. The stone hits the ogre.
The ogre is lightly wounded.
Unknown command.
You closely miss the ogre.
The ogre is lightly wounded.
The ogre hits you with a giant club!
* * * LOW HITPOINT WARNING * * *
You barely miss the ogre.
The ogre is lightly wounded.
The ogre barely misses you.
You hit the ogre.
The ogre is moderately wounded.
You barely miss the ogre.
The ogre is moderately wounded.
The ogre hits you with a giant club.
* * * LOW HITPOINT WARNING * * *
You closely miss the ogre.
The ogre is moderately wounded.
The ogre hits you with a giant club!!
You die...

#.....# #.###.# #.#.#.#
############.#.#.#
...<........)).#.####
###..#######.#......#
###.########.#......# ####
...........#.#......# #...
###.######,#.#..@...# #.## # #.#
*,#.#..O...# #.## # #.#
*,#.#..(...# #.#. # #.#
*,#.#......# #.## ###.#
***,#.#..(...# #####... ....#
*,,,*,#.(.####*** #.....##
##########,*,##...,,,,,* #.......
.#.......),*,*#...,,,,,* #.....##
.#.########,,,,,,,,,,,,**#####.#.


You could see an ogre.

Vanquished Creatures
  A phantom (D:4)
  An ogre (D:4)
  3 elf zombies (Ossuary)
  A centaur zombie (Ossuary)
  Crazy Yiuf (D:3)
  A human zombie (Ossuary)
  An orc priest (D:4)
  A hound (D:4)
  Natasha (thrice) (D:2)
  2 worker ants (D:4)
  2 mummies (Ossuary)
  6 adders
  An adder zombie (Ossuary)
  2 worms (D:2)
  A dart slug (D:3)
  7 leopard geckos
  8 orcs (D:4)
  3 giant cockroaches
  7 goblins
  8 hobgoblins
  4 jackals (D:4)
  8 kobolds
  2 quokkas
  6 bats
  5 frilled lizards
  A goblin zombie (Ossuary)
  11 hobgoblin zombies (Ossuary)
  2 jackal zombies (Ossuary)
  14 kobold zombies (Ossuary)
  3 orc zombies (Ossuary)
  8 rats
124 creatures vanquished.

Notes
Turn   | Place    | Note
-------+----------+-------------------------------------------
     0 | D:1      | Malhgor the Deep Dwarf Fighter began the quest for the Orb.
     0 | D:1      | Reached XP level 1. HP: 20/20 MP: 1/1
   203 | D:1      | Reached XP level 2. HP: 14/27 MP: 2/2
   299 | D:1      | Reached skill level 3 in Axes
   503 | D:2      | Noticed Natasha
   519 | D:2      | Killed Natasha
   519 | D:2      | Reached XP level 3. HP: 5/33 MP: 3/3
   546 | D:2      | Reached skill level 4 in Axes
   911 | D:2      | Noticed Natasha
   919 | D:2      | Killed Natasha
   919 | D:2      | Reached XP level 4. HP: 30/40 MP: 3/3
  1083 | D:2      | Noticed Natasha
  1101 | D:2      | Killed Natasha
  1101 | D:2      | Reached skill level 5 in Axes
  1376 | D:2      | Reached XP level 5. HP: 19/48 MP: 4/4
  1708 | D:4      | Found a transporter.
  1789 | D:4      | Found a sand-covered staircase.
  1794 | Ossuary  | Entered an ossuary
  1808 | Ossuary  | Reached skill level 6 in Axes
  1928 | Ossuary  | HP: 1/48 [mummy (15)]
  1937 | Ossuary  | Reached skill level 7 in Axes
  1937 | Ossuary  | Reached XP level 6. HP: 17/55 MP: 5/5
  2027 | Ossuary  | HP: 2/55 [elf zombie (5)]
  2041 | Ossuary  | Reached skill level 8 in Axes
  2230 | D:4      | Found an opulent altar of Gozag.
  2419 | D:3      | Reached XP level 7. HP: 14/61 MP: 6/6
  2594 | D:3      | Found a runed door.
  2647 | D:3      | Noticed Crazy Yiuf
  2653 | D:3      | Killed Crazy Yiuf
  2922 | D:4      | Reached skill level 9 in Axes
  3036 | D:4      | Demolished by an ogre

Skill      XL: |  1  2  3  4  5  6  7 |
---------------+----------------------+-----
Axes           | 3 4 5 7 8 9 |  9.6
Fighting       | |  2.9
Armour         | |  3.2
Shields        | |  3.2

Action                   |  1- 3 |  4- 6 |  7- 9 || total
-------------------------+-------+-------+-------++-------
Melee: War axe           |    98 |   200 |    58 ||   356
Throw: Stone             |    16 |    16 |     6 ||    38
 Abil: Heal Wounds       |     1 |     4 |     2 ||     7
  Use: Scroll            |       |     7 |     2 ||     9
       Potion            |       |       |     1 ||     1
  Eat: Chunk             |       |     5 |     3 ||     8
Armor: Scale mail        |    36 |    87 |    24 ||   147
Dodge: Dodged            |    52 |    85 |    23 ||   160
